 Dungeon Crawl Stone Soup version 0.28-a0-697-g47f3eba078 (webtiles) character file.

Game seed: 5122052333513515960

24083 ytrimaz the Cleaver (level 13, -7/104 HPs)
             Began as a Formicid Fighter on Oct 23, 2021.
             Was a High Priest of Okawaru.
             Mangled by a boulder beetle (35 damage)
             ... on level 14 of the Dungeon.
             The game lasted 00:20:59 (16579 turns).

ytrimaz the Cleaver (Formicid Fighter)             Turns: 16579, Time: 00:20:59

Health: -7/104     AC: 16    Str: 26    XL:     13   Next: 40%
Magic:  0/20       EV:  8    Int:  4    God:    Okawaru [*****.]
Gold:   1216       SH:  5    Dex: 10    Spells: 12/12 levels left

rFire   + . .      SeeInvis +   t - +5 battleaxe (elec)
rCold   + + +      Faith    .   c - +0 buckler
rNeg    . . .      Spirit   +   z - +1 chain mail of a ziggurat {-Cast rC+++ rCorr Int-4}
rPois   +          Reflect  .   (helmet unavailable)
rElec   .          Harm     .   (no cloak)
rCorr   +          Rampage  +   s - +0 pair of gloves
Will    +....      NoCast   +   J - +0 pair of boots {rampage}
Stlth   ..........              v - amulet of guardian spirit
HPRegen 0.27/turn               q - ring of protection from fire
MPRegen 0.17/turn               w - ring of poison resistance

@: no status effects
A: permanent stasis, dig shafts and tunnels, antennae 3, four strong arms
a: Dig, Shaft Self, Renounce Religion, Heroism, Finesse, Duel


You were on level 14 of the Dungeon.
You worshipped Okawaru.
Okawaru was extremely pleased with you.
You visited 2 branches of the dungeon, and saw 15 of its levels.
You also visited: Bailey.

You collected 1342 gold pieces.
You spent 126 gold pieces at shops.

Inventory:

Hand Weapons
 a - a +1 spectral war axe
 t - a +5 battleaxe of electrocution (weapon)
 G - a +0 broad axe of draining
Missiles
 k - 6 throwing nets
Armour
 c - a +0 buckler (worn)
 s - a +0 pair of gloves (worn)
 z - the +1 chain mail of a ziggurat (worn) {-Cast rC+++ rCorr Int-4}
   (You found it in a bailey)

   Int:       It affects your intelligence (-4).
   rC:        It renders you almost immune to cold.
   -Cast:     It prevents spellcasting.
   rCorr:     It protects you from acid and corrosion.
 H - a +0 plate armour
 J - a +0 pair of boots of rampaging (worn)
Jewellery
 q - a ring of protection from fire (left hand)
 v - an amulet of guardian spirit (around neck)
 w - a ring of poison resistance (right hand)
 y - an amulet of faith
Wands
 b - a wand of flame (41)
 f - a wand of digging (6)
 m - a wand of iceblast (24)
 o - a wand of polymorph (17)
 u - a wand of paralysis (10)
 B - a wand of mindburst (18)
Scrolls
 e - a scroll of enchant armour
 l - a scroll of holy word
 p - a scroll of brand weapon
 x - 3 scrolls of amnesia
 A - 3 scrolls of fog
Potions
 d - 3 potions of might
 h - 8 potions of curing
 i - a potion of ambrosia {unknown}
 j - 2 potions of invisibility
 n - a potion of lignification {unknown}
 r - 2 potions of brilliance {unknown}
 C - a potion of cancellation {unknown}
 D - a potion of flight {unknown}
 E - a potion of resistance {unknown}
 F - a potion of attraction {unknown}


   Skills:
 + Level 10.6 Fighting
 + Level 14.6 Axes
 + Level 11.5 Armour
 - Level 6.0 Shields
 * Level 9.6 Invocations


You had 12 spell levels left.
You didn't know any spells.
Your spell library contained the following spells:

 Spells                   Type           Power      Damage    Failure   Level
 Freeze                   Ice            0%         1d3       94%         1
 Shock                    Conj/Air       0%         1d3       94%         1
 Slow                     Hex            0%         N/A       98%         2
 Confusing Touch          Hex            0%         N/A       100%        3
 Frozen Ramparts          Ice            0%         1d2       100%        3
 Inner Flame              Hex/Fire       0%         N/A       100%        3
 Vampiric Draining        Necr           0%         2d6       100%        3
 Airstrike                Air            0%         N/A       100%        4
 Cause Fear               Hex            0%         N/A       100%        4
 Hailstorm                Conj/Ice       0%         3d3       100%        4
 Ice Form                 Ice/Tmut       0%         N/A       100%        4
 Yara's Violent Unravell  Hex/Tmut       0%         3d3       100%        5
 Discord                  Hex            0%         N/A       100%        8
 Swiftness                Air            Unusable   N/A       N/A         3
 Summon Ice Beast         Ice/Summ       Unusable   N/A       N/A         4

Dungeon Overview and Level Annotations

Branches:
Dungeon (14/15)            Temple (1/1) D:5            Lair (0/6) D:8
    Orc (0/2) D:11         Vaults (0/5) D:13         Bailey (visited)

Altars:
Ashenzari
Cheibriados
Dithmenos
Elyvilon
Fedhas
Gozag
Hepliaklqana
Kikubaaqudgha
Makhleb
Nemelex Xobeh
Okawaru
Qazlal
Ru
Sif Muna
Trog
Uskayaw
Vehumet
Wu Jian
Xom
Yredelemnul
Zin
The Shining One

Shops:
D:3 [   D:4 (   D:7 *

Portals:
Trove: D:13 (show abyssal rune of Zot)

Annotations:
D:4 2 transporters, jdsmith2816's ghost, amateur TrMo


Innate Abilities, Weirdness & Mutations

You cannot be hasted, slowed, berserked, paralysed or teleported.
You can dig through walls and to a lower floor.
You have a pair of large antennae on your head. (SInv)
Your four strong arms can wield two-handed weapons with a shield.


Message History

Okawaru accepts your kill.
Unknown command.
You see here an ugly thing corpse.
You now have 1212 gold pieces (gained 15).
You now have 1216 gold pieces (gained 4).
You feel like a meek peon again.
You open the door.
There is an open door here.
You open the door. 2 boulder beetles come into view.
There are monsters nearby!
There are monsters nearby!
There is an open door here.
You rampage towards the boulder beetle!
Found 23 gold pieces.
The boulder beetle curls into a ball and begins rolling!
You block the boulder beetle's attack.
You barely miss the boulder beetle. The boulder beetle bites you!
Your chain mail of a ziggurat prevents you from hitting the boulder beetle.
The boulder beetle bites you! The boulder beetle hits you!!!
The boulder beetle stops rolling and uncurls.
Unknown command.
Unknown command.
You hit the boulder beetle.
Lightning courses through the boulder beetle!
The boulder beetle is moderately wounded.
You barely miss the boulder beetle. The boulder beetle bites you!
The boulder beetle bites you!!
* * * LOW HITPOINT WARNING * * *
Unknown command.
Unknown command.
You feel much better.
The boulder beetle waves its antennae.
The boulder beetle barely misses you. You block the boulder beetle's attack.
Okay, then.
The boulder beetle curls into a ball and begins rolling!
The boulder beetle bites you!
* * * LOW HITPOINT WARNING * * *
There is an open door here.
The boulder beetle leaps!
The boulder beetle hits you!!!
You die...

########### ####+#####
#.........# #......... #
#.........# #.......$. ##
#.........# #......... .#
#.........# #......... .#
#.........# #......... .#
#.........# ###○........
.###.........###@B○°°......
...#†........##..#.........
##.'.........##.##.........
###†........'..#######+###
#(.....>..#### #######+###


You could see a boulder beetle (rolling).

Vanquished Creatures
  A black draconian (D:10)
  A boulder beetle (D:11)
  Harold (D:7)
  A rakshasa (D:13)
  2 centaur warriors
  2 dancing weapons (D:13)
  2 tengu warriors (D:14)
  A two-headed ogre (D:9)
  Pikel (D:8)
  A deep elf pyromancer (D:12)
  3 orc knights (Bailey)
  4 cyclopes
  A manticore (D:12)
  6 ugly things
  A salamander (shapeshifter) (D:13)
  7 trolls
  5 slime creatures
  2 wraiths
  7 yaks (D:10)
  A vampire (D:14)
  Grum (D:11)
  11 vampire mosquitoes
  2 steam dragons (D:8)
  Menkaure (D:4)
  A water moccasin (D:8)
  8 orc warriors
  A sky beast (D:6)
  2 ice beasts
  3 wolves (D:11)
  2 necrophages (D:4)
  4 centaurs
  2 ogres
  2 phantoms
  A kobold brigand (D:9)
  A scorpion (D:6)
  A wyvern zombie (D:8)
  A gnoll sergeant (D:9)
  15 killer bees
  4 howler monkeys
  3 wights (D:7)
  4 centaur zombies
  2 hounds (D:4)
  9 orc priests
  A centaur skeleton (D:5)
  2 iguanas
  2 orc wizards
  A killer bee zombie (D:6)
  A howler monkey zombie (D:11)
  6 gnolls
  4 adders
  A white imp (D:6)
  An ufetubus (D:5)
  A worm (D:3)
  3 dart slugs
  31 orcs
  9 endoplasms
  3 giant cockroaches
  9 goblins
  10 hobgoblins
  4 jackals (D:3)
  5 quokkas
  7 ball pythons
  5 bats
  5 frilled lizards (D:1)
  11 kobolds
  7 rats
260 creatures vanquished.

Vanquished Creatures (others)
  A kobold (D:1)
1 creature vanquished.

Grand Total: 261 creatures vanquished

Notes
Turn   | Place    | Note
-------+----------+-------------------------------------------
     0 | D:1      | ytrimaz the Formicid Fighter began the quest for the Orb.
     0 | D:1      | Reached XP level 1. HP: 18/18 MP: 1/1
    41 | D:1      | Reached XP level 2. HP: 11/24 MP: 2/2
   468 | D:1      | Reached XP level 3. HP: 3/30 MP: 3/3
  1549 | D:2      | Reached XP level 4. HP: 26/37 MP: 4/4
  2300 | D:3      | Found a faded altar of an unknown god.
  2682 | D:3      | Reached skill level 3 in Axes
  2767 | D:3      | Found Agrab's Antique Armour Boutique.
  2788 | D:3      | Reached XP level 5. HP: 37/42 MP: 5/5
  2814 | D:3      | Bought a runed ring mail for 126 gold pieces
  3199 | D:4      | Found Refrahek's Weapon Boutique.
  3235 | D:4      | Found a transporter.
  3235 | D:4      | Noticed jdsmith2816's ghost (amateur TrMo)
  3316 | D:4      | Found a transporter.
  3322 | D:4      | Noticed Menkaure
  3329 | D:4      | Killed Menkaure
  3330 | D:4      | Reached skill level 4 in Axes
  3330 | D:4      | Reached XP level 6. HP: 12/49 MP: 6/6
  3682 | D:4      | Noticed a necrophage
  3689 | D:4      | Killed a necrophage
  3690 | D:4      | Reached XP level 7. HP: 42/55 MP: 7/7
  3693 | D:4      | Reached skill level 5 in Axes
  3796 | D:4      | Reached skill level 5 in Armour
  4453 | D:5      | Entered Level 5 of the Dungeon
  4464 | D:5      | Found a staircase to the Ecumenical Temple.
  4485 | Temple   | Entered the Ecumenical Temple
  4827 | Temple   | Became a worshipper of the Shining One
  4894 | D:5      | Reached XP level 8. HP: 57/61 MP: 8/8
  5193 | D:5      | Reached skill level 5 in Fighting
  5193 | D:5      | Reached skill level 6 in Axes
  5193 | D:5      | Reached skill level 5 in Shields
  6074 | D:6      | Reached skill level 7 in Axes
  6138 | D:6      | Noticed a wraith
  6144 | D:6      | Killed a wraith
  6429 | D:6      | Reached XP level 9. HP: 69/69 MP: 9/9
  6503 | D:6      | Reached * piety under the Shining One
  6616 | D:6      | Found a shadowy altar of Dithmenos.
  6616 | D:6      | Found an iron altar of Okawaru.
  6620 | D:6      | Fell from the grace of the Shining One
  6620 | D:6      | Became a worshipper of Warmaster Okawaru
  6931 | D:7      | Found Zin's Purification Station.
  6934 | D:7      | Found a glowing silver altar of Zin.
  7038 | D:7      | Reached skill level 8 in Axes
  7063 | D:7      | Found a shimmering altar of Xom.
  7063 | D:7      | Found a shimmering altar of Xom.
  7063 | D:7      | Found a shimmering altar of Xom.
  7489 | D:7      | Noticed Harold
  7494 | D:7      | Killed Harold
  7503 | D:7      | Reached skill level 9 in Axes
  7643 | D:7      | Noticed a troll
  7651 | D:7      | Killed a troll
  7897 | D:7      | Reached * piety under Okawaru
  7898 | D:7      | Reached XP level 10. HP: 79/79 MP: 10/10
  8118 | D:7      | Noticed an ice dragon
  8120 | D:7      | Found a shimmering altar of Xom.
  8120 | D:7      | Found a shimmering altar of Xom.
  8121 | D:7      | Found a shimmering altar of Xom.
  8122 | D:7      | Found a shimmering altar of Xom.
  8200 | D:7      | Noticed a storm dragon
  8280 | D:7      | Noticed a catoblepas
  8305 | D:7      | Noticed a ghost moth
  8305 | D:7      | a catoblepas changed into a ghost moth
  8328 | D:8      | Found a staircase to the Lair.
  8334 | D:8      | Reached skill level 1 in Invocations
  8393 | D:7      | Noticed a bunyip
  8496 | D:7      | Noticed an entropy weaver
  9031 | D:8      | Reached skill level 10 in Axes
  9453 | D:8      | Noticed Pikel
  9460 | D:8      | Reached ** piety under Okawaru
  9462 | D:8      | Killed Pikel
  9909 | D:9      | Reached *** piety under Okawaru
 10009 | D:9      | Noticed a two-headed ogre
 10015 | D:9      | Killed a two-headed ogre
 10135 | D:9      | Noticed a white ugly thing
 10141 | D:9      | Killed a white ugly thing
 10141 | D:9      | Reached **** piety under Okawaru
 10142 | D:9      | Reached XP level 11. HP: 86/86 MP: 14/14
 10211 | D:9      | Reached skill level 11 in Axes
 10525 | D:9      | Identified the +0 ring mail of the Wary Princes {rElec rC-
                  | rCorr Dex+7}
 10654 | D:10     | Entered Level 10 of the Dungeon
 10663 | D:10     | Reached skill level 5 in Invocations
 10904 | D:10     | You fall into a shaft and drop 2 floors!
 10904 | D:12     | Noticed a manticore
 10909 | D:12     | Killed a manticore
 11236 | D:10     | Found a flagged portal.
 11247 | Bailey   | Entered a bailey
 11311 | Bailey   | Noticed an orc knight
 11318 | Bailey   | Killed an orc knight
 11417 | Bailey   | Noticed an orc knight
 11417 | Bailey   | Noticed an orc knight
 11418 | Bailey   | Found an iron altar of Okawaru.
 11427 | Bailey   | Killed an orc knight
 11427 | Bailey   | Reached ***** piety under Okawaru
 11428 | Bailey   | Reached skill level 12 in Axes
 11429 | Bailey   | Killed an orc knight
 11440 | Bailey   | Identified the +1 chain mail of a ziggurat {-Cast rC+++
                  | rCorr Int-4}
 11698 | D:10     | Noticed a five-headed hydra
 11701 | D:10     | Noticed a black draconian
 11701 | D:10     | a five-headed hydra changed into a black draconian
 11711 | D:10     | You fall into a shaft and drop 3 floors!
 11906 | D:13     | Noticed a centaur warrior
 11917 | D:13     | Killed a centaur warrior
 12056 | D:13     | Noticed a cyclops
 12072 | D:13     | Killed a cyclops
 12073 | D:13     | Reached XP level 12. HP: 92/95 MP: 14/17
 12377 | D:10     | Killed a black draconian
 12378 | D:10     | Reached skill level 10 in Armour
 12694 | D:11     | You fall into a shaft and drop 1 floor!
 12882 | D:12     | Received a gift from Okawaru
 12883 | D:12     | Reached skill level 13 in Axes
 13345 | D:11     | Noticed a centaur warrior
 13346 | D:11     | Found a staircase to the Orcish Mines.
 13356 | D:11     | Killed a centaur warrior
 13830 | D:11     | Noticed Grum
 13846 | D:11     | Killed Grum
 14062 | D:11     | Noticed a boulder beetle
 14078 | D:11     | Killed a boulder beetle
 15093 | D:13     | Noticed a +6 long sword
 15094 | D:13     | Noticed a +6 long sword
 15103 | D:13     | Killed a +6 long sword
 15107 | D:13     | Killed a +6 long sword
 15108 | D:13     | Reached skill level 10 in Fighting
 15351 | D:13     | Found a gate to the Vaults.
 15479 | D:13     | Noticed a rakshasa
 15481 | D:13     | Found a portal to a secret trove of treasure.
 15488 | D:13     | Killed a rakshasa
 15489 | D:13     | Reached XP level 13. HP: 81/103 MP: 9/19
 15491 | D:13     | Reached skill level 14 in Axes
 16570 | D:14     | Noticed a boulder beetle
 16570 | D:14     | Noticed a boulder beetle
 16579 | D:14     | Mangled by a boulder beetle

Illustrated notes

Levels and vault maps discovered:
D:1:      dpeg_arrival_houses_and_road, layout_basic, fountainhead,
          kennysheep_boxes
D:2:      minmay_angry_zag, layout_basic, nrook_mini_backslash,
          minmay_tetromino_i2
D:3:      layout_basic, serial_shops, shop_coins,
          hellmonk_ecumenical_altar_heavens_door, minmay_misc_feat_tower
D:4:      layout_basic, gammafunk_ghost_stat_death, serial_shops,
          nicolae_take_the_stairs, uniq_menkaure
D:5:      layout_loops_corners, minmay_temple_entry_offerings,
          chequers_serial_rivers_room_b, chequers_hall_statues_y,
          chequers_decorated_corner
D:6:      layout_loops_ring, gammafunk_temple_overflow_elements
D:7:      layout_loops_corners, zin_purify, xom_shifter_show, uniq_harold
D:8:      layout_basic, lair_entry_dummy, uniq_pikel
D:9:      layout_roguey
D:10:     layout_stronghold, enter_bailey_6
D:11:     layout_loops_cross, david_orc_3, serial_glass, glass_columns_c,
          glass_columns_c, uniq_grum
D:12:     layout_small_grid
D:13:     layout_basic, erik_vaults_1, enter_trove_1
D:14:     layout_roguey, minmay_misc_feat_alley, grunt_dithmenos_smoke,
          uniq_rupert, uniq_louise
Temple:   dpeg_five_rooms_temple

Skill      XL: |  1  2  3  4  5  6  7  8  9 10 11 12 13 |
---------------+----------------------------------------+-----
Shields        | 4 5 6 |  6.0
Fighting       | 4 5 7 9 10 | 10.6
Axes           | 3 4 5 7 9 10 12 13 14 | 14.6
Armour         | 4 5 6 7 9 11 | 11.5
Invocations    | 4 6 8 9 |  9.6

Action                   |  1- 3 |  4- 6 |  7- 9 | 10-12 | 13-15 || total
-------------------------+-------+-------+-------+-------+-------++-------
Melee: War axe           |   108 |   115 |   148 |       |       ||   371
       Battleaxe         |       |       |    16 |   328 |    74 ||   418
Invok: Heroism           |       |       |       |    17 |     3 ||    20
       Finesse           |       |       |       |     7 |     1 ||     8
 Abil: Dig               |     4 |       |     2 |     5 |       ||    11
       Shaft Self        |       |       |       |     1 |       ||     1
Evoke: Wand              |       |       |       |     2 |       ||     2
  Use: Scroll            |     2 |     3 |     9 |     9 |     1 ||    24
       Potion            |       |       |       |     1 |     1 ||     2
Armor: Scale mail        |   114 |    17 |       |       |       ||   131
       Chain mail        |       |    61 |    93 |   220 |    55 ||   429
Dodge: Dodged            |    87 |    53 |    69 |   190 |    21 ||   420
Block: Buckler           |    34 |    31 |    38 |   120 |    19 ||   242

Table legend: (Time is in decaauts)
 A = Elapsed time spent in this place.
 B = Non-inter-level travel time spent in this place.
 C = Inter-level travel time spent in this place.
 D = Time resting spent in this place.
 E = Time spent auto-exploring this place.
 F = Levels seen in this place.
 G = Mean time per level.
                   A        B        C        D        E       F      G
               +--------+--------+--------+--------+--------+-----+--------+
         Total |  16678 |  16108 |    570 |   3904 |   9366 |  16 | 1042.4 |
       Dungeon |  16100 |  15626 |    474 |   3782 |   9118 |  14 | 1150.0 |
        Temple |    370 |    274 |     96 |      0 |    248 |   1 |  370.0 |
        Bailey |    208 |    208 |      0 |    122 |      0 |   1 |  208.0 |
               +--------+--------+--------+--------+--------+-----+--------+

Top non-repeatable levels by time:
     D:7: 1572 daAuts
     D:1: 1568 daAuts
    D:11: 1427 daAuts
     D:8: 1386 daAuts
    D:10: 1291 daAuts
     D:4: 1281 daAuts
    D:13: 1271 daAuts
     D:6: 1096 daAuts
    D:12: 998 daAuts
     D:5: 992 daAuts
     D:3: 942 daAuts
     D:9: 847 daAuts
     D:2: 769 daAuts
    D:14: 654 daAuts
  Temple: 370 daAuts
